 Dungeon Crawl Stone Soup version 0.30-a0-760-g5a9884bb7c (webtiles) character file.

Game seed: 895764668333227937

102254 retardedninja the Bludgeoner (level 15, 0/195 HPs)
             Began as a Demonspawn Gladiator on Feb 10, 2023.
             Was an Initiate of Gozag.
             Slain by an alligator (5 damage)
             ... on level 3 of the Swamp.
             The game lasted 00:55:21 (30373 turns).

retardedninja the Bludgeoner (DsGl)                Turns: 30373, Time: 00:55:22

Health: 0/195      AC: 23    Str: 28    XL:     15   Next: 85%
Magic:  15/15      EV: 12    Int: 10    God:    Gozag
Gold:   1041       SH: 14    Dex: 14    Spells: 14/14 levels left

rFire   + . .      SeeInvis .    a - +9 flail (drain)
rCold   + + .      Faith    .    S - +0 tower shield
rNeg    . . .      Spirit   .    q - +1 plate armour {Will+}
rPois   +          Reflect  .    c - +0 helmet
rElec   +          Harm     .    l - +1 cloak {rPois}
rCorr   +          Rampage  .    (gloves unavailable)
Will    ++...                    R - +2 pair of boots Stlth
                                 k - amulet of regeneration
HPRegen 1.32/turn                P - +6 ring of strength
MPRegen 0.14/turn                G - ring "Kysek" {rC+ AC+4}

@: agile, berserking, resistant, gold aura, studying Long Blades, very quick
A: rugged brown scales 2, powered by pain 3, condensation shield, demonic touch
3
a: Renounce Religion, Potion Petition, Call Merchant, Bribe Branch


You were on level 3 of the Swamp.
You worshipped Gozag.
Gozag was most pleased with you.
You visited 5 branches of the dungeon, and saw 26 of its levels.

You collected 7462 gold pieces.
You spent 863 gold pieces at shops.
You paid 5558 gold pieces to Gozag.

Inventory:

Hand Weapons
 a - a +9 flail of draining (weapon)
 B - the +5 Force Lance {heavy, knockback}
   (You found it on level 12 of the Dungeon)
 O - the +1 broad axe of Reason {vamp, rPois}
   (You found it on level 12 of the Dungeon)

   rPois:     It protects you from poison.
Missiles
 d - a throwing net
 e - 6 javelins (quivered)
 F - 5 silver javelins
Armour
 c - a +0 helmet (worn)
 l - a +1 cloak of poison resistance (worn)
 q - a +1 plate armour of willpower (worn)
 R - a +2 pair of boots (worn)
 S - a +0 tower shield (worn)
Jewellery
 k - an amulet of regeneration (around neck)
 n - the ring of Unelog {Fly rElec rC++}
   (You found it on level 5 of the Lair of Beasts)

   [ring of flight]

   rC:        It greatly protects you from cold.
   rElec:     It insulates you from electricity.
   Fly:       It grants you flight.
 p - a +5 ring of evasion
 G - the ring "Kysek" (right hand) {rC+ AC+4}
   (You found it on level 7 of the Dungeon)

   [ring of protection]

   AC:        It affects your AC (+4).
   rC:        It protects you from cold.
 I - a ring of magical power
 P - a +6 ring of strength (left hand)
 T - a ring of fire
Wands
 h - a wand of flame (24)
 s - a wand of charming (8)
 v - a wand of light (10)
 C - a wand of mindburst (24)
 N - a wand of iceblast (20)
Scrolls
 b - 6 scrolls of identify
 f - 4 scrolls of vulnerability
 j - 5 scrolls of poison
 r - 9 scrolls of teleportation
 t - 4 scrolls of torment
 u - 2 scrolls of magic mapping
 y - 9 scrolls of fog
 L - 3 scrolls of amnesia
Potions
 g - 2 potions of berserk rage {unknown}
 m - a potion of might
 o - a potion of mutation
 w - 2 potions of lignification
 x - a potion of ambrosia
 z - 3 potions of attraction
 D - a potion of haste
 E - 4 potions of brilliance
 H - 2 potions of magic
 M - a potion of resistance
 Q - 3 potions of cancellation
Miscellaneous
 A - a condenser vane (inert)
 J - a phantom mirror (inert)
 U - a phial of floods (inert)


   Skills:
 + Level 13.3 Fighting
 * Level 16.9 Maces & Flails
 + Level 12.2 Throwing
 + Level 12.4 Dodging


You had 14 spell levels left.
You didn't know any spells.
Your spell library contained the following spells:

 Spells                   Type           Power      Damage    Failure   Level
 Freeze                   Ice            0%         1d3       100%        1
 Kiss of Death            Conj/Necr      0%         2d5       100%        1
 Magic Dart               Conj           0%         1d3       100%        1
 Sting                    Tmut/Pois      0%         1d3       100%        1
 Blink                    Tloc           0%         N/A       100%        2
 Ensorcelled Hibernation  Hex/Ice        0%         N/A       100%        2
 Lesser Beckoning         Tloc           0%         N/A       100%        2
 Momentum Strike          Conj/Tloc      0%         3d8       100%        2
 Passwall                 Tmut/Erth      0%         N/A       100%        2
 Poisonous Vapours        Pois/Air       0%         N/A       100%        2
 Searing Ray              Conj           0%         2d4       100%        2
 Confusing Touch          Hex            0%         N/A       100%        3
 Dazzling Flash           Conj/Hex       0%         N/A       100%        3
 Frozen Ramparts          Ice            0%         1d1       100%        3
 Hailstorm                Conj/Ice       0%         3d3       100%        3
 Inner Flame              Hex/Fire       0%         N/A       100%        3
 Swiftness                Air            0%         N/A       100%        3
 Anguish                  Hex/Necr       0%         N/A       100%        4
 Dispel Undead            Necr           0%         3d6       100%        4
 Flame Wave               Conj/Fire      0%         2d4       100%        4
 Fulminant Prism          Conj/Hex       0%         3d5       100%        4
 Olgreb's Toxic Radiance  Pois           0%         N/A       100%        4
 Sticky Flame             Conj/Fire      0%         2d3       100%        4
 Agony                    Necr           0%         N/A       100%        5
 Alistair's Intoxication  Tmut/Pois      0%         N/A       100%        5
 Borgnjor's Vile Clutch   Necr/Erth      0%         N/A       100%        5
 Silence                  Hex/Air        0%         N/A       100%        5
 Yara's Violent Unravell  Hex/Tmut       0%         3d3       100%        5
 Eringya's Noxious Bog    Tmut/Pois      0%         N/A       100%        6
 Enfeeble                 Hex            0%         N/A       100%        7


Dungeon Overview and Level Annotations

Branches:
Dungeon (14/15)            Temple (1/1) D:6            Lair (5/5) D:9
  Swamp (4/4) Lair:3       Spider (0/4) Lair:3        Slime (0/5) Lair:5
    Orc (2/2) D:9             Elf (0/3) Orc:2        Vaults (0/5) D:13

Altars:
Ashenzari
Cheibriados
Dithmenos
Fedhas
Gozag
Hepliaklqana
Kikubaaqudgha
Makhleb
Nemelex Xobeh
Okawaru
Qazlal
Ru
Sif Muna
Trog
Uskayaw
Vehumet
Wu Jian
Xom
Yredelemnul
Jiyva

Shops:
D:5 (   D:8 [   D:10 ?   D:13 [   Orc:2 !*(

Annotations:
D:11 3 runed translucent doors, patfeehan111222's ghost, novice MiBe
D:12 1 runed translucent door
Lair:3 3 runed translucent doors, ytrimaz's ghost, journeyman DrBe


Innate Abilities, Weirdness & Mutations

You are mostly covered in rugged brown scales. (AC +2, +5% HP)
You are powered by pain.
A meltable shield of frost defends you. (SH +4)
Your touch may irresistibly damage your foes and sap their willpower.


Message History

You block the four-headed hydra's attack.
The four-headed hydra bites you. x2
The four-headed hydra bites you but does no damage.
You block the bunyip's attack. x3; The alligator bites you.
The alligator tail-slaps you but does no damage.
You thump the bunyip! You drain the bunyip.
The bunyip is almost dead.
The four-headed hydra closely misses you.
The four-headed hydra barely misses you.
The four-headed hydra bites you.
The four-headed hydra completely misses you.
The alligator bites you but does no damage.
You block the alligator's attack. The bunyip claws you!
* * * LOW HITPOINT WARNING * * *
The bunyip closely misses you.
The bunyip claws you but does no damage.
You hit the bunyip.
You kill the bunyip!
The four-headed hydra bites you but does no damage.
You block the four-headed hydra's attack.
The four-headed hydra bites you but does no damage. x2
The alligator barely misses you. The alligator tail-slaps you!
* * * LOW HITPOINT WARNING * * *
You sock the alligator!
The alligator is moderately wounded.
You block the four-headed hydra's attack.
The four-headed hydra bites you but does no damage.
You block the four-headed hydra's attack.
The four-headed hydra barely misses you.
You block the alligator's attack. The alligator tail-slaps you!
* * * LOW HITPOINT WARNING * * *
You closely miss the alligator.
The alligator is moderately wounded.
You block the bunyip's attack. The bunyip claws you!!
* * * LOW HITPOINT WARNING * * *
You block the bunyip's attack. The alligator bites you!
* * * LOW HITPOINT WARNING * * *
The alligator tail-slaps you.
You die...
Your body crumbles into a pile of gold.

♣.♣ ♣♣~♣♣ ♣♣♣.~.~~~...♣♣♣.~. ♣.♣♣
♣♣♣ ♣♣.♣♣♣♣♣♣♣♣♣♣♣♣...~ ♣..♣
♣♣..~~~..♣♣♣....~... ♣♣♣♣~~♣
♣♣♣.~~~~...~.~~..♣..~~ ...♣~§♣
♣♣...~~~......~~.~..~.~
.♣♣...♣♣♣♣♣~.~~~.~~........♣♣..~.
..~♣♣.♣♣...~~~.§~~♣..♣.♣♣~♣♣.~[.~
.~~♣..~§.~~~~~.x~~..♣♣♣♣♣♣♣♣.~...
..~~.♣~~~...~♣~t@..♣♣ ♣♣.~.~
..)~~~~~.~~.~~~♣$D.♣ ♣♣~..
....~~.♣~~~....~~<♣♣ ♣♣♣~
~~.~~~~~.~~~.~~~..♣ ♣♣♣~~.
~~~§~~~~..~..♣.~.♣♣ ♣♣.~...
.~♣~~.~♣.~~....~.♣ ♣~....♣
~≈≈≈..~~...~..~~.♣ ♣♣.♣~~.
♣≈≈≈♣..~.♣.~....♣♣ ♣♣♣♣.♣
≈≈≈≈≈♣~~~~..~..~♣ ♣♣♣


You could see a bunyip, an alligator (swift) and a four-headed hydra.

Vanquished Creatures
  Jorgrun (D:13)
  Gastronok (Lair:1)
  A storm dragon (D:12)
  2 fenstrider witches (Swamp:3)
  Donald (Swamp:2)
  Aizul (Swamp:3)
  5 eleionomae
  6 bunyips
  A dire elephant (Lair:2)
  A fire dragon (Lair:5)
  Snorg (Lair:5)
  An ettin (Orc:1)
  2 vault guards (D:13)
  2 ghost crabs
  9 hydras
  A catoblepas (Lair:1)
  3 alligators
  A boulder beetle (Lair:5)
  3 two-headed ogres
  4 orc high priests (Orc:2)
  3 death yaks (D:9)
  Urug (D:13)
  A goliath frog (Swamp:4)
  A skyshark (Lair:2)
  Amaemon (Lair:3)
  4 spriggan druids
  An orb spider (Lair:3)
  2 lindwurms (Lair:5)
  6 bog bodies
  4 swamp dragons
  3 deep elf pyromancers
  5 orc knights (Orc:2)
  6 orc sorcerers
  4 will-o-the-wisps
  An ugly thing (D:12)
  3 cyclopes
  A manticore (D:13)
  18 elephants
  4 black mambas
  3 molten gargoyles (Lair:5)
  An eye of devastation (Lair:5)
  Joseph (D:10)
  A torpor snail (Lair:1)
  Maggie (D:9)
  A kobold demonologist (D:13)
  12 cane toads
  An orange demon (Lair:3)
  A rime drake (Lair:2)
  9 komodo dragons
  A yaktaur (D:12)
  A meliai (D:12)
  4 polar bears
  10 tyrant leeches
  5 trolls
  2 hornets
  10 blink frogs
  A shadow (D:11)
  4 slime creatures
  A centaur simulacrum (D:11)
  2 spriggans
  2 wraiths
  A spriggan (shapeshifter) (D:11)
  Eustachio (D:4)
  5 wyverns
  A hog (shapeshifter) (D:14)
  10 humans (D:13)
  8 basilisks
  40 yaks
  4 steam dragons
  14 vampire mosquitoes
  13 water moccasins
  12 swamp worms
  4 acid dragons
  5 wargs
  4 hell hounds (Lair:5)
  23 orc warriors
  A floating eye (Lair:5)
  A swamp drake (Swamp:4)
  4 ogres
  3 black bears
  2 sky beasts
  10 wolves
  5 centaurs
  2 phantoms
  3 kobold brigands
  8 bullfrogs
  A necrophage (D:6)
  2 scorpions
  7 wights
  4 howler monkeys
  5 lava snakes (Lair:5)
  7 hounds
  12 orc priests
  6 jellies
  Jessica (D:3)
  3 iguanas
  Natasha (thrice) (D:3)
  26 orc wizards
  5 hell rats (Lair:5)
  7 adders
  5 gnolls
  3 shadow imps
  2 white imps
  A worm (D:5)
  3 dart slugs
  62 orcs
  2 endoplasms (D:4)
  3 giant cockroaches
  3 hobgoblins
  8 jackals (D:3)
  25 kobolds
  A quokka (D:1)
  3 ball pythons
  4 bats
  A frilled lizard (D:1)
  3 goblins
  5 rats
597 creatures vanquished.

Vanquished Creatures (collateral kills)
  Louise (Swamp:2)
  A swamp worm (Swamp:2)
  An orc wizard (Orc:2)
3 creatures vanquished.

Vanquished Creatures (others)
  A will-o-the-wisp (Swamp:4)
  4 bloated husks
  An orc (D:11)
  24 foxfires
  84 fungi
  66 plants
180 creatures vanquished.

Grand Total: 780 creatures vanquished

Notes
Turn   | Place    | Note
-------+----------+-------------------------------------------
     0 | D:1      | retardedninja the Demonspawn Gladiator began the quest for
                  | the Orb.
     0 | D:1      | Reached XP level 1. HP: 16/16 MP: 1/1
   247 | D:1      | You fall into a shaft and drop 1 floor!
   449 | D:1      | Gained mutation: You are partially covered in rugged brown
                  | scales. (AC +1, +3% HP) [demonic ancestry]
   449 | D:1      | Reached XP level 2. HP: 16/22 MP: 2/2
  1075 | D:2      | Found a faded altar of an unknown god.
  1147 | D:2      | Reached skill level 3 in Maces & Flails
  1273 | D:2      | Reached XP level 3. HP: 18/28 MP: 3/3
  1901 | D:3      | Noticed Natasha
  1916 | D:3      | Killed Natasha
  1944 | D:3      | Gained mutation: Your touch may inflict minor irresistible
                  | damage on your foes. [demonic ancestry]
  1944 | D:3      | Reached XP level 4. HP: 11/35 MP: 4/4
  2041 | D:3      | Noticed Natasha
  2059 | D:3      | Killed Natasha
  2152 | D:3      | Noticed Natasha
  2165 | D:3      | Killed Natasha
  2237 | D:3      | Noticed Jessica
  2242 | D:3      | Killed Jessica
  2243 | D:3      | Gained mutation: A meltable shield of frost defends you.
                  | (SH +4) [demonic ancestry]
  2243 | D:3      | Reached XP level 5. HP: 41/41 MP: 5/5
  2522 | D:4      | Reached skill level 4 in Maces & Flails
  2643 | D:4      | Noticed Eustachio
  2696 | D:4      | Killed Eustachio
  2697 | D:4      | Gained mutation: Your touch may inflict irresistible damage
                  | on your foes. [demonic ancestry]
  2697 | D:4      | Reached XP level 6. HP: 48/48 MP: 6/6
  3076 | D:4      | Noticed an orc warrior
  3089 | D:4      | Killed an orc warrior
  3108 | D:4      | Gained mutation: You are mostly covered in rugged brown
                  | scales. (AC +2, +5% HP) [demonic ancestry]
  3108 | D:4      | Reached XP level 7. HP: 48/55 MP: 7/7
  3311 | D:4      | Reached skill level 5 in Maces & Flails
  4312 | D:5      | Entered Level 5 of the Dungeon
  4536 | D:5      | Found Tyvvipiv's Weapon Shop.
  4682 | D:5      | Found an ornate altar of the Wu Jian Council.
  5065 | D:6      | Reached XP level 8. HP: 64/64 MP: 8/8
  5091 | D:6      | Noticed a two-headed ogre
  5096 | D:6      | Reached skill level 6 in Maces & Flails
  5103 | D:6      | Killed a two-headed ogre
  5104 | D:6      | Reached skill level 5 in Fighting
  5104 | D:6      | Reached skill level 5 in Dodging
  5515 | D:6      | Reached skill level 7 in Maces & Flails
  5515 | D:6      | Reached skill level 5 in Throwing
  5537 | D:6      | Reached XP level 9. HP: 64/71 MP: 9/9
  5544 | D:6      | Found a staircase to the Ecumenical Temple.
  5567 | Temple   | Entered the Ecumenical Temple
  5567 | Temple   | Found a transporter.
  5567 | Temple   | Found a transporter.
  5569 | Temple   | Found a transporter.
  5569 | Temple   | Found a transporter.
  5612 | Temple   | Became a worshipper of Gozag Ym Sagoz the Greedy
  6496 | D:7      | Reached skill level 8 in Maces & Flails
  6537 | D:7      | Identified the +2 spear of Might {pain, rF+}
  6694 | D:7      | Identified the ring "Kysek" {rC+ AC+4}
  7148 | D:8      | Found Vuul's Armour Emporium.
  7966 | D:9      | Gained mutation: You sometimes gain a little power by
                  | taking damage. [demonic ancestry]
  7966 | D:9      | Reached XP level 10. HP: 80/80 MP: 10/10
  8030 | D:9      | Noticed a death yak
  8033 | D:9      | Noticed a death yak
  8045 | D:9      | Noticed a death yak
  8075 | D:9      | Reached skill level 9 in Maces & Flails
  8085 | D:9      | Killed a death yak
  8088 | D:9      | Killed a death yak
  8095 | D:9      | Killed a death yak
  8359 | D:9      | Found a staircase to the Orcish Mines.
  8472 | D:9      | Noticed Maggie
  8482 | D:9      | Killed Maggie
  8483 | D:9      | Reached skill level 10 in Maces & Flails
  8679 | D:9      | Found a staircase to the Lair.
  9041 | D:10     | Entered Level 10 of the Dungeon
  9110 | D:10     | Found a snail-covered altar of Cheibriados.
  9188 | D:10     | Gained mutation: Your touch may irresistibly damage your
                  | foes and sap their willpower. [demonic ancestry]
  9188 | D:10     | Reached XP level 11. HP: 90/90 MP: 11/11
  9263 | D:10     | Found a shimmering blue altar of Sif Muna.
  9271 | D:10     | Found a shadowy altar of Dithmenos.
  9453 | D:10     | Found Bofruryda's Magic Scroll Shop.
  9534 | D:10     | Bought a scroll of enchant armour for 112 gold pieces
 10000 | D:10     | Noticed Joseph
 10022 | D:10     | Killed Joseph
 10391 | D:11     | Found a runed translucent gate.
 10392 | D:11     | Found a runed translucent gate.
 10392 | D:11     | Found a runed translucent gate.
 10393 | D:11     | Noticed patfeehan111222's ghost (novice MiBe)
 10687 | D:11     | Reached skill level 11 in Maces & Flails
 11512 | Lair:1   | Entered Level 1 of the Lair of Beasts
 11815 | Lair:1   | Noticed Gastronok
 11839 | Lair:1   | Killed Gastronok
 11840 | Lair:1   | Gained mutation: You sometimes gain power by taking damage.
                  | [demonic ancestry]
 11840 | Lair:1   | Reached XP level 12. HP: 85/99 MP: 12/12
 12100 | Lair:1   | Noticed a catoblepas
 12133 | Lair:1   | Killed a catoblepas
 12134 | Lair:1   | Reached skill level 12 in Maces & Flails
 12530 | Lair:2   | Noticed a four-headed hydra
 12540 | Lair:2   | Killed a four-headed hydra
 12893 | Lair:2   | Noticed a dire elephant
 12926 | Lair:2   | Killed a dire elephant
 13029 | Lair:2   | Reached skill level 10 in Fighting
 13094 | Lair:2   | Reached skill level 13 in Maces & Flails
 13237 | Lair:2   | You fall into a shaft and drop 2 floors!
 13247 | Lair:3   | Noticed an eight-headed hydra
 13254 | Lair:3   | Killed an eight-headed hydra
 13271 | Lair:3   | Reached XP level 13. HP: 50/108 MP: 13/13
 13982 | Lair:3   | Noticed Amaemon
 14006 | Lair:3   | Killed Amaemon
 14007 | Lair:3   | Reached skill level 10 in Dodging
 14549 | Lair:3   | Found a runed translucent gate.
 14549 | Lair:3   | Found a runed translucent gate.
 14549 | Lair:3   | Found a runed translucent gate.
 14550 | Lair:3   | Noticed ytrimaz's ghost (journeyman DrBe)
 14628 | Lair:3   | Found a hole to the Spider Nest.
 15054 | Lair:3   | Found a staircase to the Swamp.
 15139 | Lair:3   | Found a viscous altar of Jiyva.
 15569 | Lair:4   | Reached skill level 10 in Throwing
 15952 | Lair:5   | Entered Level 5 of the Lair of Beasts
 16033 | Lair:5   | Reached skill level 14 in Maces & Flails
 16377 | Lair:5   | Found a viscous altar of Jiyva.
 16377 | Lair:5   | Found a staircase to the Slime Pits.
 16419 | Lair:5   | Paralysed by a floating eye for 4 turns
 16558 | Lair:5   | Noticed Snorg
 16578 | Lair:5   | Killed Snorg
 17186 | Lair:5   | Noticed a fire dragon
 17187 | Lair:5   | Found a large runed translucent door.
 17253 | Lair:5   | Reached XP level 14. HP: 86/118 MP: 14/14
 17338 | Lair:5   | Found a large runed translucent door.
 17518 | Lair:5   | Identified the ring of Unelog {Fly rElec rC++}
 17872 | D:12     | Found the +5 Force Lance {heavy, knockback}
 18125 | D:12     | Identified the +0 robe "Wuhagoh" {Int+7}
 18484 | D:12     | Found a runed translucent door.
 18814 | D:12     | Noticed a storm dragon
 18833 | D:12     | Killed a storm dragon
 18834 | D:12     | Reached skill level 15 in Maces & Flails
 18898 | D:12     | Identified the +4 flail of Fedhas's Regard {drain, Fragile
                  | rC+ Str+3}
 19230 | D:12     | Identified the +1 broad axe of Reason {vamp, rPois}
 19426 | D:13     | Noticed Jorgrun
 19454 | D:13     | Killed Jorgrun
 19522 | D:13     | Found a frozen archway.
 20072 | D:13     | Found a gate to the Vaults.
 20193 | D:13     | Noticed Urug
 20210 | D:13     | Killed Urug
 20372 | D:13     | Found Bouzor's Armour Shop.
 20378 | D:13     | Bought a +0 cloak of poison resistance for 144 gold pieces
 21025 | Orc:1    | Entered Level 1 of the Orcish Mines
 21040 | Orc:1    | Paralysed by an orc sorcerer for 4 turns
 21190 | Orc:2    | Entered Level 2 of the Orcish Mines
 22323 | Orc:2    | Found Kata's Antique Weapon Emporium.
 22448 | Orc:2    | Gained mutation: You are powered by pain. [demonic
                  | ancestry]
 22448 | Orc:2    | Reached XP level 15. HP: 60/128 MP: 15/15
 22590 | Orc:2    | Found a staircase to the Elven Halls.
 22811 | Orc:2    | Found Dekimox's Antique Weapon Boutique.
 22818 | Orc:2    | Found Wycyma's General Store.
 22843 | Orc:2    | Found Hailuatz's Distillery.
 22850 | Orc:2    | Bought a potion of curing for 45 gold pieces
 22850 | Orc:2    | Bought a scroll of enchant armour for 112 gold pieces
 22850 | Orc:2    | Bought a scroll of summoning for 142 gold pieces
 22976 | Orc:2    | Bought a potion of might for 44 gold pieces
 22976 | Orc:2    | Bought a potion of might for 44 gold pieces
 22976 | Orc:2    | Bought a potion of might for 44 gold pieces
 22976 | Orc:2    | Bought 2 potions of cancellation for 176 gold pieces
 23172 | Swamp:1  | Entered Level 1 of the Swamp
 23640 | Swamp:1  | Reached skill level 16 in Maces & Flails
 24166 | Swamp:2  | Noticed Louise
 24201 | Swamp:2  | Killed Louise
 26168 | Swamp:2  | Noticed Donald
 26179 | Swamp:2  | Killed Donald
 26354 | Swamp:2  | Identified the +10 quarterstaff "Pimowkic" {freeze, Drain
                  | rC+ Int+3}
 26889 | Swamp:3  | Noticed a fenstrider witch
 26896 | Swamp:3  | Killed a fenstrider witch
 27833 | Swamp:3  | Noticed Aizul
 27856 | Swamp:3  | Noticed a fenstrider witch
 28376 | Swamp:3  | Killed a fenstrider witch
 28381 | Swamp:3  | HP: 6/129 [something (6)]
 28504 | Swamp:3  | Killed Aizul
 28991 | Swamp:4  | Entered Level 4 of the Swamp
 30373 | Swamp:3  | HP: 5/195 [alligator (15)]
 30373 | Swamp:3  | Slain by an alligator

Illustrated notes

Levels and vault maps discovered:
D:1:      minmay_arrival_up_and_down, layout_loops_cross, minmay_pentomino_v2
D:2:      layout_loops_corners, hellmonk_ecumenical_altar_blasted
D:3:      layout_rooms, uniq_jessica, uniq_natasha
D:4:      layout_cave_pods, uniq_eustachio
D:5:      layout_basic, tso_metal_star, nzn_wu_jian_contemplation, serial_shops,
          nicolae_shop_bloodbath_and_beyond, kennysheep_generic_room_3
D:6:      layout_basic, minmay_temple_entry_arrows, serial_corexii_hall,
          chequers_hall_statues_y, corexii_hall_statues_l, grunt_ministairs_13,
          minmay_joined_circles
D:7:      layout_basic
D:8:      layout_loops_ring, serial_shops, nicolae_diamond_shop
D:9:      layout_stronghold, dpeg_lair_monsters, david_orc_2, enter_bailey_1,
          dk_noncrumbling_4, minivault_10, uniq_maggie
D:10:     layout_loops_corners, amcnicky_altar_gilded,
          mainiacjoe_overflow_brackets, grunt_dithmenos_smoke_and_mirrors,
          serial_shops, nicolae_inconvenience_store, uniq_joseph
D:11:     layout_loops_ring, ebering_ghost_rock_garden, lightli_fourway_metalbox
D:12:     minmay_the_grid_four_pointed_star
          [minmay_the_grid_triangle_9x9_minimal,
          minmay_the_grid_triangle_9x9_cache,
          minmay_the_grid_triangle_9x9_subtriangle,
          minmay_the_grid_triangle_9x9_swiss_cheese,
          minmay_the_grid_prize_diamond_cup], layout_long_grid,
          kennysheep_generic_room_10
D:13:     layout_stronghold, ximxim_vaults_locker_room,
          portal_ice_cave_entry_pillars_2, serial_shops, shop, uniq_jorgrun,
          uniq_urug
D:14:     layout_cave_pools, chequers_serial_rivers_micro_e,
          serial_bayou_pond_b, ebering_dispersal_statue_hall, st_stairs_1
Temple:   hellmonk_temple_divided_pantheon
Lair:1:   layout_roguey, serial_bayou_shore_b, uniq_gastronok
Lair:2:   mu_elephants_graveyard, layout_chaotic_city, lemuel_fruit_tree
Lair:3:   layout_hall_layers, palyth_hydra_swamp_entry,
          nicolae_spider_entry_orb_guardian, gammafunk_ghost_ooze,
          grunt_megastairs_4, uniq_amaemon
Lair:4:   layout_cave_pods, nicolae_quartered_pool_super
Lair:5:   cheibrodos_lair_end_hotspot, layout_hall_layers,
          minmay_slime_entry_eyes, uniq_snorg
Swamp:1:  layout_basic_swamp, evilmike_swamp_ruin_house_6, swamp_pool2
Swamp:2:  layout_basic_swamp, evilmike_swamp_ruin_rubble_2, uniq_louise,
          uniq_donald
Swamp:3:  layout_falls_marsh, serial_swamp_ruin, hangedman_swamp_ruin_wall,
          evilmike_swamp_ruin_house_1, swamp_pool1, nicolae_swamp_spooky_pond,
          uniq_aizul
Swamp:4:  swamp_old_school, layout_basic_swamp, swamp_pool2,
          nicolae_swamp_frolicking_bunyips, infiniplex_staircase_pool
Orc:1:    layout_caves
Orc:2:    st_orc_elflike, layout_caves, basic_altar

Skill      XL: |  1  2  3  4  5  6  7  8  9 10 11 12 13 14 15 |
---------------+----------------------------------------------+-----
Throwing       | 2 3 4 5 6 7 8 9 10 11 12 | 12.2
Maces & Flails | 3 4 5 7 8 10 11 13 14 15 16 | 16.9
Dodging        | 3 4 5 6 7 8 9 10 11 12 | 12.4
Fighting       | 3 4 5 6 7 9 10 11 12 13 | 13.3

Action                     |  1- 3 |  4- 6 |  7- 9 | 10-12 | 13-15 || total
---------------------------+-------+-------+-------+-------+-------++-------
  Melee: Flail             |   100 |   100 |   348 |   801 |  1631 ||  2980
         Punch             |     1 |       |       |       |       ||     1
         Touch             |       |    19 |     9 |       |       ||    28
  Throw: Javelin           |       |       |       |       |    20 ||    20
         Throwing net      |       |       |       |       |     6 ||     6
 Invoke: Potion Petition   |       |       |       |     1 |    14 ||    15
  Evoke: Wand              |       |       |       |     8 |    12 ||    20
         Condenser vane    |       |       |       |     1 |     4 ||     5
         Phantom mirror    |       |       |       |     1 |     3 ||     4
         Phial of floods   |       |       |       |       |     1 ||     1
    Use: Potion            |     1 |       |       |     3 |    33 ||    37
         Scroll            |       |     1 |    21 |     9 |    20 ||    51
   Stab: Distracted        |       |       |     1 |     1 |     4 ||     6
         Confused          |       |       |       |     6 |     2 ||     8
 Armour: Leather armour    |    16 |       |       |       |       ||    16
         Plate armour      |   103 |    80 |   123 |   383 |  1008 ||  1697
  Dodge: Dodged            |    66 |    79 |   160 |   405 |   751 ||  1461
  Block: Other             |       |    19 |    12 |       |       ||    31
         Buckler           |       |       |   123 |   125 |       ||   248
         Kite shield       |       |       |       |   318 |   892 ||  1210
         Tower shield      |       |       |       |       |   289 ||   289

Table legend: (Time is in decaauts)
 A = Elapsed time spent in this place.
 B = Non-inter-level travel time spent in this place.
 C = Inter-level travel time spent in this place.
 D = Time resting spent in this place.
 E = Time spent auto-exploring this place.
 F = Levels seen in this place.
 G = Mean time per level.
                   A        B        C        D        E       F      G
               +--------+--------+--------+--------+--------+-----+--------+
         Total |  30588 |  29128 |   1460 |   9035 |  13714 |  26 | 1176.5 |
       Dungeon |  14746 |  13957 |    789 |   3017 |   8215 |  14 | 1053.3 |
        Temple |     59 |     52 |      7 |      0 |      6 |   1 |   59.0 |
          Lair |   6806 |   6418 |    388 |   1457 |   3306 |   5 | 1361.2 |
         Swamp |   6965 |   6884 |     81 |   4151 |   1407 |   4 | 1741.2 |
  Orcish Mines |   2009 |   1815 |    194 |    410 |    779 |   2 | 1004.5 |
               +--------+--------+--------+--------+--------+-----+--------+

Top non-repeatable levels by time:
 Swamp:3: 2630 daAuts
 Swamp:2: 2090 daAuts
  Lair:3: 2021 daAuts
     D:4: 1809 daAuts
    D:12: 1557 daAuts
 Swamp:1: 1500 daAuts
   Orc:2: 1465 daAuts
    D:13: 1387 daAuts
     D:9: 1331 daAuts
  Lair:5: 1312 daAuts
    D:11: 1307 daAuts
    D:10: 1270 daAuts
  Lair:4: 1247 daAuts
  Lair:2: 1155 daAuts
     D:6: 1121 daAuts
